 Dungeon Crawl Stone Soup version 0.19.1 (webtiles) character file.

90 Gargoyl the Skirmisher (level 4, -3/40 HPs)
             Began as a Ghoul Abyssal Knight on Dec 22, 2016.
             Was a Follower of Lugonu.
             Killed from afar by Natasha (5 damage)
             ... with a magic dart
             ... on level 2 of the Dungeon.
             The game lasted 00:03:23 (1165 turns).

Gargoyl the Skirmisher (Ghoul Abyssal Knight)       Turns: 1165, Time: 00:03:25

Health: -3/40      AC: 12    Str: 15    XL:     4   Next: 56%
Magic:  4/4        EV:  9    Int:  7    God:    Lugonu [*.....]
Gold:   92         SH:  0    Dex: 14    Spells: 0 memorised, 3 levels left

rFire  . . .     SeeInvis .     a - +1 hand axe
rCold  + . .     Gourm    .     e - +0 plate armour
rNeg   + + +     Faith    .     (no shield)
rPois  ∞         Spirit   .     g - +0 helmet
rElec  .         Reflect  .     (no cloak)
rCorr  .         Harm     .     (no gloves)
MR     .....                    (no boots)
Stlth  ..........               (no amulet)
                                (no ring)
                                (no ring)

@: agile, rotting
A: rotting body, claws 1, carnivore 3, cold resistance 1, negative energy
resistance 3, slow regeneration 1, torment resistance, unbreathing
a: Depart the Abyss, Renounce Religion


You were on level 2 of the Dungeon.
You worshipped Lugonu.
Lugonu was aware of your devotion.
You were not hungry.

You visited 1 branch of the dungeon, and saw 2 of its levels.
You visited the Abyss 1 time.

You collected 92 gold pieces.

Inventory:

Hand Weapons
 a - a +1 hand axe (weapon)
Armour
 e - a +0 plate armour (worn)
 g - a +0 helmet (worn)
Jewellery
 m - an uncursed ring of ice {unknown}
Scrolls
 b - a scroll of magic mapping {unknown}
 f - a scroll of noise {unknown}
 h - a scroll of amnesia {unknown}
 j - a scroll of teleportation {unknown}
 k - a scroll of recharging {unknown}
 l - a scroll of identify {unknown}
Potions
 d - a potion of resistance {unknown}
Comestibles
 c - 3 meat rations
 p - 2 chunks of flesh


   Skills:
 + Level 3.8 Fighting
 + Level 2.7 Axes
 * Level 2.7 Armour
 + Level 1.0 Dodging
 * Level 2.6 Invocations


You had 3 spell levels left.
You didn't know any spells.

Dungeon Overview and Level Annotations

Branches:
Dungeon (2/15)

Altars:

Annotations:
D:2 Natasha


Innate Abilities, Weirdness & Mutations

Your body is rotting away.
You thrive on raw meat.
You are immune to poison.
You have sharp fingernails.
You are carnivorous and can eat meat at any time.
Your flesh is cold resistant. (rC+)
You are immune to negative energy. (rN+++)
You regenerate slowly when monsters are visible.
You are immune to unholy pain and torment.
You can survive without breathing.


Message History

The magic dart hits you!
It was a potion of agility.
You feel agile all of a sudden. The rat bites you but does no damage.
The adder completely misses you.
The shadow imp hits you but does no damage.
The crimson imp blinks!
Natasha claws you but does no damage.
It was a potion of berserk rage.
You cannot raise a blood rage in your lifeless body.
The adder barely misses you. The rat bites you but does no damage.
The shadow imp hits you but does no damage.
Natasha claws you.
* * * LOW HITPOINT WARNING * * *
You feel more agile all of a sudden. The adder bites you but does no damage.
The rat bites you.
* * * LOW HITPOINT WARNING * * *
The shadow imp closely misses you.
The crimson imp blinks!
The adder bites you but does no damage. Natasha casts a spell at you.
The magic dart hits you!
You die...

.# #.# .## #[# .......
..# #.# ....... #.# #.#
....... #.# #.#
###...§... #.# #.#
#......... #.## #.#
#.......%# #..####.#
#.5h.....#
##.#....#######.@S.....#
#.............r.).....#
##....................#
#....................#
#............#########
#............#
#............#
#......####### #..##.##


You could see Natasha, an adder, a shadow imp and a rat.

Vanquished Creatures
  Terence (D:1)
  Natasha (D:2)
  An adder (D:2)
  A leopard gecko (D:1)
  A ball python (D:2)
  4 bats (D:1)
  3 giant cockroaches
  4 goblins
  4 hobgoblins
  2 kobolds (D:1)
  3 frilled lizards
  7 rats
32 creatures vanquished.

Notes
Turn   | Place    | Note
-------+----------+-------------------------------------------
     0 | Abyss:1  | Gargoyl the Ghoul Abyssal Knight began the quest for the Orb.
     0 | Abyss:1  | Reached XP level 1. HP: 19/19 MP: 1/1
    65 | Abyss:2  | Noticed a small abomination
    81 | D:1      | Escaped the Abyss
   236 | D:1      | Reached XP level 2. HP: 26/26 MP: 2/2
   329 | D:1      | Reached skill level 1 in Dodging
   347 | D:1      | Reached * piety under Lugonu
   699 | D:2      | Noticed Natasha
   708 | D:2      | Killed Natasha
   708 | D:2      | Reached XP level 3. HP: 24/33 MP: 3/3
   832 | D:2      | Noticed Terence
   872 | D:1      | Killed Terence
   872 | D:1      | Reached XP level 4. HP: 23/40 MP: 4/4
  1147 | D:2      | Noticed Natasha
  1165 | D:2      | HP: 2/40 [rat (2)]
  1165 | D:2      | Killed from afar by Natasha

Skill      XL: |  1  2 |
---------------+-------+-----
Dodging        | 1 |  1.0
Armour         | 2 |  2.7
Axes           | 2 |  2.7
Fighting       | |  3.8
Invocations    | |  2.6

Action                   |  1- 3 |  4- 6 || total
-------------------------+-------+-------++-------
Melee: Hand axe          |   102 |    40 ||   142
Invok: Depart the Abyss  |     1 |       ||     1
  Use: Potion            |       |     4 ||     4
  Eat: Chunk             |     7 |     3 ||    10
Armor: Plate armour      |    87 |    51 ||   138
Dodge: Dodged            |    29 |    14 ||    43
